 Dungeon Crawl Stone Soup version 0.30.1-4-g462c640d31 (webtiles) character file.

Game seed: 18303221152054956977

36 Amplified the Magician (level 3, -1/29 HPs)
             Began as a Minotaur Hedge Wizard on Sept 17, 2023.
             Slain by a goblin
             ... wielding a +0 dagger
              (2 damage)
             ... on level 1 of the Dungeon.
             The game lasted 00:01:23 (534 turns).

Amplified the Magician (Minotaur Hedge Wizard)       Turns: 534, Time: 00:01:24

Health: -1/29      AC:  3    Str: 16    XL:     3   Next: 19%
Magic:  5/5        EV:  9    Int: 11    God:
Gold:   41         SH:  0    Dex:  9    Spells: 3/7 levels left

rFire   . . .        a - +0 dagger
rCold   . . .        (no shield)
rNeg    . . .        b - +0 robe
rPois   .            c - +0 hat
rElec   .            (no cloak)
rCorr   .            (no gloves)
SInv    .            j - +0 pair of boots
Will    .....        (no amulet)
Stlth   +            (no ring)
HPRegen 0.24/turn    (no ring)
MPRegen 0.09/turn

%: no passive effects
@: mighty, brilliant, flying, constricted
A: horns 2, retaliatory headbutt
a: no special abilities


You were on level 1 of the Dungeon.
You visited 1 branch of the dungeon, and saw 1 of its levels.

You collected 41 gold pieces.

Inventory:

Hand Weapons
 a - a +0 dagger (weapon)
Armour
 b - a +0 robe (worn)
 c - a +0 hat (worn)
 j - a +0 pair of boots (worn)
Jewellery
 f - an amulet of magic regeneration
Potions
 d - a potion of magic


   Skills:
 * Level 1.9 Fighting
 * Level 1.8 Armour
 - Level 2.1 Dodging
 - Level 1.5 Stealth
 * Level 2.5 Spellcasting
 - Level 0.6 Conjurations
 - Level 0.6 Summonings
 - Level 0.6 Translocations


You had 3 spell levels left.
You knew the following spells:

 Your Spells              Type           Power      Damage    Failure   Level
a - Magic Dart            Conj           16%        1d3       22%         1
b - Slow                  Hex            8%         N/A       28%         1
c - Blink                 Tloc           8%         N/A       32%         2

Your spell library contained the following spells:

 Spells                   Type           Power      Damage    Failure   Level
 Call Imp                 Summ           8%         N/A       32%         2
 Cigotuvi's Dreadful Rot  Necr/Pois/Air  4%         N/A       38%         2
 Mephitic Cloud           Conj/Pois/Air  2%         N/A       61%         3


Dungeon Overview and Level Annotations

Branches:
Dungeon (1/15)

Altars:


Innate Abilities, Weirdness & Mutations

You have a pair of horns on your head.
You reflexively headbutt those who attack you in melee.


Message History

You feel very buoyant.
You fly up into the air.
The ball python bites you.
* * * LOW HITPOINT WARNING * * *
The ball python constricts you.
* * * LOW HITPOINT WARNING * * *
The jackal barely misses you. You furiously retaliate!
You headbutt the jackal!
You kill the jackal!
The goblin closely misses you. You furiously retaliate!
You headbutt the goblin!
You kill the goblin!
It was a potion of curing.
You feel better.
The ball python bites you but does no damage.
The ball python constricts you. The jackal bites you.
* * * LOW HITPOINT WARNING * * *
The goblin barely misses you.
Unknown command.
Unknown command.
Unknown command.
You closely miss the jackal. Your headbutt misses the jackal.
The jackal bites you but does no damage.
The jackal bites you.
* * * LOW HITPOINT WARNING * * *
The ball python bites you.
* * * LOW HITPOINT WARNING * * *
The ball python constricts you. The jackal completely misses you.
The jackal bites you but does no damage.
The goblin closely misses you.
The ball python bites you but does no damage.
The ball python constricts you.
Unknown command.
Unknown command.
You closely miss the goblin. The jackal bites you.
* * * LOW HITPOINT WARNING * * *
The jackal bites you.
* * * LOW HITPOINT WARNING * * *
The ball python bites you but does no damage.
The ball python constricts you.
* * * LOW HITPOINT WARNING * * *
The goblin hits you with a +0 dagger.
You die...

********* ,,,,,,,,#############
########
,,,,,,,,............######.......
,,,,,,,,.........................
***,,,,,$........................
***,,,,,.........................
,,,,,,,,?........................
,,,,,,,,.......Sg†...............
,,,,,,,,......†h@................
,,,,,,,,........h................
,,,,,,,,.........................
,,,,,,,,.............#...........
,,,,,,,,.............#...........
*,,,,,,,.............#...........
,,,,,,,,.............#...........
,,,,,,,,,...........)#...........
,,,,,,,,,,,*,,,*,,,,.............


You could see 2 jackals, a goblin and a ball python.

Vanquished Creatures
  2 dart slugs (D:1)
  A ball python (D:1)
  6 endoplasms (D:1)
  A goblin (D:1)
  2 hobgoblins (D:1)
  6 jackals (D:1)
  2 quokkas (D:1)
  2 bats (D:1)
  2 frilled lizards (D:1)
  3 kobolds (D:1)
27 creatures vanquished.

Notes
Turn   | Place    | Note
-------+----------+-------------------------------------------
     0 | D:1      | Amplified the Minotaur Hedge Wizard began the quest for the
                  | Orb.
     0 | D:1      | Reached XP level 1. HP: 14/14 MP: 2/2
   120 | D:1      | Learned a level 1 spell: Slow
   182 | D:1      | Reached skill level 1 in Fighting
   184 | D:1      | Reached skill level 1 in Armour
   184 | D:1      | Reached XP level 2. HP: 12/23 MP: 4/4
   476 | D:1      | Learned a level 2 spell: Blink
   486 | D:1      | Reached XP level 3. HP: 26/29 MP: 3/5
   534 | D:1      | HP: 1/29 [constriction (1)]
   534 | D:1      | Slain by a goblin

Illustrated notes

Levels and vault maps discovered:
D:1:      erik_arrival_cave_to_civilisation [erik_arrival_cave_to_hall],
          layout_basic

Skill      XL: |  1 |
---------------+----+-----
Fighting       | 1 |  1.9
Armour         | 1 |  1.8
Dodging        | |  2.1
Stealth        | |  1.5
Spellcasting   | |  2.5
Conjurations   | |  0.6
Summonings     | |  0.6
Translocations | |  0.6

Action                     || total
---------------------------++-------
  Melee: Dagger            ||    61
         Headbutt          ||     7
    Use: Potion            ||     6
         Scroll            ||     1
   Stab: Sleeping          ||     1
 Armour: Robe              ||    25
  Dodge: Dodged            ||    80
